 Dungeon Crawl Stone Soup version 0.31.0-9-g3a7656b989 (webtiles) character file.

Game seed: 6473472243765573109

196 qw the Skirmisher (level 5, -3/29 HPs)
             Began as a Deep Elf Hunter on Feb 2, 2024.
             Slain by a gnoll
             ... wielding a +0 club
              (6 damage)
             ... on level 4 of the Dungeon.
             The game lasted 00:00:08 (2725 turns).

qw the Skirmisher (Deep Elf Hunter)                 Turns: 2725, Time: 00:00:09

Health: -3/29      AC:  8    Str: 10    XL:     5   Next: 46%
Magic:  7/7        EV: 11    Int: 14    God:
Gold:   6          SH:  0    Dex: 18    Spells: 4/4 levels left

rFire   . . .        i - +0 longbow
rCold   + . .        (shield currently unavailable)
rNeg    . . .        f - +2 ring mail
rPois   .            (no helmet)
rElec   .            e - scarf {repulsion}
rCorr   .            (no gloves)
SInv    .            b - +0 pair of boots
Will    .....        (no amulet)
Stlth   +            d - ring of protection from cold
HPRegen 0.24/turn    (no ring)
MPRegen 0.10/turn

%: repel missiles
@: no status effects
A: no striking features
a: no special abilities


You were on level 4 of the Dungeon.
You visited 1 branch of the dungeon, and saw 4 of its levels.

You collected 187 gold pieces.
You spent 181 gold pieces at shops.


   Skills:
 + Level 1.5 Fighting
 - Level 9.0 Ranged Weapons
 - Level 2.4 Dodging
 - Level 1.2 Stealth


You had 4 spell levels left.
You didn't know any spells.
Your spell library was empty.

Inventory:

Hand Weapons
 i - a +0 longbow (weapon)
Armour
 b - a +0 pair of boots (worn)
 e - a scarf of repulsion (worn)
 f - a +2 ring mail (worn)
Jewellery
 d - a ring of protection from cold (left hand)
Wands
 k - a wand of charming (4)
Scrolls
 j - a scroll of identify
Potions
 c - a potion of mutation {unknown}
 g - a potion of haste {unknown}
 h - a potion of enlightenment {unknown}

Dungeon Overview and Level Annotations

Branches:
Dungeon (4/15)
 Temple: D:4-7

Altars:

Shops:
D:4 *


Message History

The gnoll shouts!
The arrow hits the gnoll!
The gnoll is heavily wounded.
The gnoll barely misses you.
A gnoll comes into view.
It is wielding a +2 whip of electrocution.
You shoot an arrow. The gnoll shouts!
The arrow hits the ball python!
You kill the ball python!
The gnoll hits you from afar with a +0 halberd.
The gnoll barely misses you.
You shoot an arrow. The arrow hits the gnoll.
The gnoll is severely wounded.
The gnoll barely misses you.
You shoot an arrow. The arrow hits the gnoll.
The gnoll is almost dead.
The gnoll hits you from afar with a +0 halberd.
You shoot an arrow. The arrow barely misses the gnoll.
You shoot an arrow. The arrow hits the gnoll!
The gnoll is almost dead.
The gnoll hits you with a +2 whip of electrocution!
You shoot an arrow. The arrow closely misses the gnoll.
The gnoll closely misses you. x2
You shoot an arrow. The arrow closely misses the gnoll.
The gnoll hits you from afar with a +0 halberd!
The gnoll hits you but does no damage.
You shoot an arrow. The arrow hits the gnoll!
You kill the gnoll!
The gnoll misses you. The gnoll barely misses you.
You shoot an arrow. The arrow hits the gnoll!
You kill the gnoll!
Your Ranged Weapons skill increases to level 9!
2722 ||| FLEEEEING.
You start resting.
A gnoll is nearby!
You shoot an arrow. The arrow barely misses the gnoll.
The gnoll closely misses you.
You shoot an arrow. The arrow closely misses the gnoll.
The gnoll closely misses you. The gnoll hits you with a +0 club.
You die...

.# .##.. .... #+ #..# #. ..###
######.##....## ....gg).......?
#. ######g%...)# #.
####....@g#....#
##.######........## ...#
......##....###### ..#
..)......#### ## ########
.......###################.......
.............\.............######
......######################
...^.)# #######


You could see 2 gnolls.

Vanquished Creatures
  A hound (D:4)
  An iguana (D:3)
  4 adders
  5 gnolls
  2 dart slugs (D:3)
  A ribbon worm (D:2)
  7 bats
  4 endoplasms
  3 giant cockroaches
  3 goblins
  A hobgoblin (D:2)
  3 quokkas
  8 ball pythons
  2 frilled lizards
  6 kobolds
  6 rats
57 creatures vanquished.

Notes
Turn   | Place    | Note
-------+----------+-------------------------------------------
     0 | D:1      | qw the Deep Elf Hunter began the quest for the Orb.
     0 | D:1      | Reached XP level 1. HP: 12/12 MP: 3/3
     0 | D:1      | 0 ||| qw: Version: 0.3-a-155-g5e7d8dd
     0 | D:1      | 0 ||| qw: Game counter: 1053
     0 | D:1      | 0 ||| qw: Melee chars always use a shield: true
     0 | D:1      | 0 ||| qw: God list: Okawaru
     0 | D:1      | 0 ||| qw: Allow faded altars: false
     0 | D:1      | 0 ||| qw: Do Orc after clearing Dungeon:15 true
     0 | D:1      | 0 ||| qw: Do second Lair branch before Depths: true
     0 | D:1      | 0 ||| qw: Lair rune preference: random
     0 | D:1      | 0 ||| qw: Goals: Normal
     0 | D:1      | 0 ||| PLANNING D:1-11
   653 | D:1      | Found a faded altar of an unknown god.
   660 | D:1      | Reached skill level 6 in Ranged Weapons
   660 | D:1      | Reached XP level 2. HP: 15/16 MP: 4/4
   832 | D:1      | 832 ||| UPGRADING to +0 ring mail.
   842 | D:1      | 842 ||| DROPPING +0 leather armour.
   843 | D:1      | 843 ||| UPGRADING to ring of protection from cold.
   844 | D:1      | 844 ||| READING scroll labelled NEENKA UDGHOCOL.
   844 | D:1      | 844 ||| ENCHANTING +0 ring mail.
   845 | D:1      | 845 ||| READING scroll labelled FAH WUDIZXE.
   846 | D:1      | 846 ||| DROPPING scroll of butterflies.
  1017 | D:2      | Reached XP level 3. HP: 13/20 MP: 5/5
  1236 | D:2      | Reached skill level 7 in Ranged Weapons
  1503 | D:2      | 1503 ||| READING 2 scrolls labelled MUATEJA MIPPE.
  1504 | D:2      | 1504 ||| READING scroll labelled VOUBONU LIWEA.
  1605 | D:2      | 1605 ||| DROPPING scroll of poison.
  1676 | D:3      | 1676 ||| READING scroll of enchant armour.
  1676 | D:3      | 1676 ||| ENCHANTING +1 ring mail.
  1720 | D:3      | Reached XP level 4. HP: 25/25 MP: 6/6
  1903 | D:3      | HP: 3/25 [iguana (9)]
  1908 | D:3      | Reached skill level 8 in Ranged Weapons
  2481 | D:3      | Reached XP level 5. HP: 18/29 MP: 7/7
  2575 | D:3      | 2575 ||| UPGRADING to +0 pair of boots.
  2580 | D:3      | 2580 ||| UPGRADING to scarf of repulsion.
  2673 | D:4      | Found Uwitoril's General Store.
  2681 | D:4      | 2681 ||| BUYING +0 longbow (65 gold).
  2681 | D:4      | Bought a +0 longbow for 65 gold pieces
  2681 | D:4      | 2681 ||| BUYING scroll of identify (20 gold).
  2681 | D:4      | Bought a scroll of identify for 20 gold pieces
  2681 | D:4      | 2681 ||| BUYING wand of charming (4) (96 gold).
  2681 | D:4      | Bought a wand of charming (4) for 96 gold pieces
  2681 | D:4      | 2681 ||| SWAPPING to +0 longbow.
  2682 | D:4      | 2682 ||| DROPPING +0 shortbow.
  2719 | D:4      | HP: 1/29 [gnoll/+0 halberd (11)]
  2722 | D:4      | Reached skill level 9 in Ranged Weapons
  2722 | D:4      | 2722 ||| FLEEEEING.
  2725 | D:4      | Slain by a gnoll

Levels and vault maps discovered:
D:1:      spicycebolla_arrival_clurvy, layout_loops_corners,
          dreamdust_ecumenical_altar_hidden_monk_grotto
D:2:      layout_loops_cross, minmay_misc_feat_pillars, minivault_14,
          ebering_dispersal_statue_hall
D:3:      layout_basic, nicolae_figureground_pulse
D:4:      layout_rooms, serial_shops, shop, shop, nicolae_take_the_stairs,
          nicolae_shop_rolled_up, kennysheep_generic_room_14

Skill      XL: |  1  2  3  4  5 |
---------------+----------------+-----
Ranged Weapons | 6 7 8 9 |  9.0
Fighting       | |  1.5
Dodging        | |  2.4
Stealth        | |  1.2

Action                     |  1- 3 |  4- 6 || total
---------------------------+-------+-------++-------
   Fire: Shortbow          |   100 |    59 ||   159
         Longbow           |       |    15 ||    15
    Use: Scroll            |     5 |       ||     5
 Armour: Leather armour    |     2 |       ||     2
         Ring mail         |    17 |    34 ||    51
  Dodge: Dodged            |    20 |    31 ||    51

Table legend:
 A = Non-vault XP
 B = Vault XP
 C = Vault XP percentage of total XP
 D = Non-vault monster count
 E = Vault monster count
 F = Vault count percentage of total count
                 A         B        C        D         E       F
            +---------+---------+-------+---------+---------+-------
      Total |     281 |       0 |   0.0 |      57 |       0 |   0.0
            +---------+---------+-------+---------+---------+-------
        D:1 |      22 |       0 |   0.0 |      14 |       0 |   0.0
        D:2 |      49 |       0 |   0.0 |      21 |       0 |   0.0
        D:3 |     137 |       0 |   0.0 |      16 |       0 |   0.0
        D:4 |      73 |       0 |   0.0 |       6 |       0 |   0.0
            +---------+---------+-------+---------+---------+-------
